 Dungeon Crawl Stone Soup version 0.19.1-1-g22dce08 (webtiles) character file.

28 McKennaii the Magician (level 2, 0/17 HPs)
             Began as a High Elf Wizard on Jan 5, 2017.
             Slain by a quokka (2 damage)
             ... on level 2 of the Dungeon.
             The game lasted 00:08:45 (1160 turns).

McKennaii the Magician (High Elf Wizard)            Turns: 1160, Time: 00:08:45

Health: 0/17       AC:  2    Str:  6    XL:     2   Next: 96%
Magic:  4/8        EV: 13    Int: 21    God:
Gold:   50         SH:  0    Dex: 13    Spells: 4 memorised, 3 levels left

rFire  . . .     SeeInvis .     g - +2 spear (freeze)
rCold  . . .     Gourm    .     a - +0 robe
rNeg   . . .     Faith    .     (no shield)
rPois  .         Spirit   .     b - +0 hat
rElec  .         Reflect  .     (no cloak)
rCorr  .         Harm     .     (no gloves)
MR     .....                    (no boots)
Stlth  ++........               (no amulet)
                                (no ring)
                                (no ring)

@: no status effects
A: no striking features
a: no special abilities


You were on level 2 of the Dungeon.
You were not hungry.

You visited 1 branch of the dungeon, and saw 2 of its levels.

You collected 50 gold pieces.

Inventory:

Hand Weapons
 g - a +2 spear of freezing (weapon)
Armour
 a - a +0 robe (worn)
 b - a +0 hat (worn)
Jewellery
 f - an uncursed ring of protection from fire {unknown}
Scrolls
 j - a scroll of fear {unknown}
Potions
 e - a potion of agility {unknown}
 i - a potion of haste {unknown}
 k - a potion of curing {unknown}
Books
 c - a book of Minor Magic

   Spells                             Type                      Level
   a - Magic Dart                     Conjuration                  1
   b - Blink                          Translocation                2
   c - Call Imp                       Summoning                    2
   d - Repel Missiles                 Charms/Air                   2
   e - Slow                           Hexes                        2
   f - Conjure Flame                  Conjuration/Fire             3
   g - Mephitic Cloud                 Conjuration/Poison/Air       3
Comestibles
 d - a beef jerky
 h - a meat ration


   Skills:
 + Level 0.2 Fighting
 + Level 2.4 Dodging
 + Level 2.3 Stealth
 + Level 4.5 Spellcasting
 + Level 1.3 Conjurations
 + Level 0.8 Summonings
 + Level 1.1 Translocations


You had 3 spell levels left.
You knew the following spells:

 Your Spells              Type           Power        Failure   Level  Hunger
a - Magic Dart            Conj           ##..         10%         1    None
b - Call Imp              Summ           #.......     14%         2    #......
c - Blink                 Tloc           N/A          12%         2    #......
d - Slow                  Hex            #.......     17%         2    #......


Dungeon Overview and Level Annotations

Branches:
Dungeon (2/15)

Altars:


Message History

The quokka completely misses you.
Casting: Magic Dart
Confirm with . or Enter, or press ? or * to list all spells.
Aiming: Magic Dart
Press: ? - help, Shift-Dir - straight line, f - quokka
Aim: a quokka (heavily wounded)
The magic dart hits the quokka.
The quokka is severely wounded.
The quokka bites you.
Casting: Magic Dart
Confirm with . or Enter, or press ? or * to list all spells.
Aiming: Magic Dart
Press: ? - help, Shift-Dir - straight line, f/p - quokka
Aim: a quokka (severely wounded)
The magic dart hits the quokka.
The quokka is severely wounded.
The quokka bites you.
* * * LOW HITPOINT WARNING * * *
The quokka bites you.
You die...

###..<#....†....#
#..##....#..#.# #
#.............#
#.......#.#...##..##
#.#######.....###.#
#.......####..# #[##
#######.####..# #..#
...†..#.......####.##
#####.######..#r@...#
..###'#######.#.###+#
............#...
............#####
............#
........†...#
............+
............###
#######.........


You could see a quokka.

Vanquished Creatures
  A leopard gecko (D:2)
  A giant cockroach (D:1)
  A goblin (D:1)
  A hobgoblin (D:1)
  3 jackals
  9 kobolds
  A quokka (D:2)
  A frilled lizard (D:1)
  4 rats
22 creatures vanquished.

Vanquished Creatures (collateral kills)
  A worm (D:2)
  A jackal (D:1)
2 creatures vanquished.

Grand Total: 24 creatures vanquished

Notes
Turn   | Place    | Note
-------+----------+-------------------------------------------
     0 | D:1      | McKennaii the High Elf Wizard began the quest for the Orb.
     0 | D:1      | Reached XP level 1. HP: 11/11 MP: 6/6
   163 | D:1      | Reached skill level 4 in Spellcasting
   324 | D:1      | Reached XP level 2. HP: 17/17 MP: 0/8
   840 | D:1      | Learned a level 2 spell: Call Imp
   843 | D:1      | Learned a level 2 spell: Blink
   846 | D:1      | Learned a level 2 spell: Slow
  1160 | D:2      | Slain by a quokka

Skill      XL: |  1 |
---------------+----+-----
Spellcasting   | 4 |  4.5
Fighting       | |  0.2
Dodging        | |  2.4
Stealth        | |  2.3
Conjurations   | |  1.3
Summonings     | |  0.8
Translocations | |  1.1

Action                   || total
-------------------------++-------
Melee: Unarmed           ||     1
       Spear             ||    16
 Cast: Magic Dart        ||    53
       Call Imp          ||     4
 Stab: Sleeping          ||     1
  Eat: Bread ration      ||     1
Armor: Robe              ||    12
Dodge: Dodged            ||    35
